 Dungeon Crawl Stone Soup version 0.19-a0-291-ga637243 (webtiles) character file.

67 tsouns the Sneak (level 4, -10/29 HPs)
             Began as an Octopode Assassin on May 27, 2016.
             Mangled by Sigmund
             ... wielding a +0 scythe
              (12 damage)
             ... on level 3 of the Dungeon.
             The game lasted 00:04:53 (1800 turns).

tsouns the Sneak (Octopode Assassin)                Turns: 1800, Time: 00:04:53

Health: -10/29     AC:  1    Str: 10    XL:     4   Next: 18%
Magic:  4/4        EV: 11    Int: 14    God:
Gold:   77         SH:  0    Dex: 13    Spells: 0 memorised, 3 levels left

rFire  . . .     SeeInvis .     b - +0 blowgun
rCold  . . .     Gourm    +     (no shield)
rNeg   . . .     Faith    .     (helmet restricted)
rPois  .         Spirit   .     h - amulet of the gourmand
rElec  .         Dismiss  .     (no ring)
rCorr  .         Reflect  .     (no ring)
SustAt .         Harm     .     (no ring)
MR     .....                    (no ring)
Stlth  +++.......               (no ring)
                                (no ring)
                                (no ring)
                                (no ring)

@: confused, flying, not resistant to hostile enchantments, fairly stealthy
A: almost no armour, amphibious, 8 rings, constrict 8, camouflage 1, gelatinous
body 1
a: no special abilities


You were on level 3 of the Dungeon.
You were completely stuffed.

You visited 1 branch of the dungeon, and saw 3 of its levels.

You collected 77 gold pieces.

Inventory:

Hand Weapons
 a - a +2 dagger
 b - a +0 blowgun (weapon)
Missiles
 c - 8 poisoned needles (quivered)
 d - 2 curare-tipped needles
Jewellery
 h - an amulet of the gourmand (around mantle)
Comestibles
 f - a bread ration
 k - a royal jelly
 n - a meat ration


   Skills:
 - Level 2.0 Fighting
 + Level 3.2 Short Blades
 - Level 2.0 Throwing
 - Level 1.0 Dodging
 + Level 6.7 Stealth


You had 3 spell levels left.
You didn't know any spells.

Dungeon Overview and Level Annotations

Branches:
Dungeon (3/15)

Altars:

Annotations:
D:3 Sigmund


Innate Abilities, Weirdness & Mutations

You cannot wear most types of armour.
You are amphibious.
You can wear up to eight rings at the same time.
You can use your tentacles to constrict eight enemies at once.
Your skin changes colour to match your surroundings (Stealth+).
Your rubbery body absorbs attacks. (AC +1)


Message History

It was a potion of flight.
You feel very buoyant.
You fly up into the air.
Something hits you!
* * * LOW HITPOINT WARNING * * *
Drink which item? (? for menu, Esc to quit)
You feel much better.
You hear some strange, mumbled words.
A puff of flame appears from out of thin air!
The puff of flame hits you! Something hits you!
A magic dart appears from out of thin air!
The magic dart hits you!
* * * LOW HITPOINT WARNING * * *
Unknown command.
Something completely misses you.
You're too confused to move!
You hear some strange, mumbled words.
You are more confused.
Something hits you!
You die...

# #.#####....#.#
#...#..../....##.##
#....<......#...#
######.....##...##
#.....#.....#
##.....#.....#
#(..<......#
.....##......## S..
# #..@.?.# #
#<..{..# #......#
###.##..# #.# #....
#.# ###. #.# . #.#
..#


There were no monsters in sight!

Vanquished Creatures
  3 adders (D:2)
  A worm (D:2)
  2 dart slugs (D:2)
  A ball python (D:2)
  2 giant cockroaches (D:2)
  5 goblins
  2 hobgoblins
  3 jackals (D:1)
  3 bats
  3 giant newts
  6 kobolds
  3 rats (D:2)
  A plant (D:2)
35 creatures vanquished.

Notes
Turn   | Place    | Note
--------------------------------------------------------------
     0 | D:1      | tsouns the Octopode Assassin began the quest for the Orb.
     0 | D:1      | Reached XP level 1. HP: 14/14 MP: 1/1
   439 | D:1      | Reached XP level 2. HP: 11/19 MP: 2/2
   971 | D:2      | Reached skill level 6 in Stealth
   979 | D:2      | Reached XP level 3. HP: 21/24 MP: 3/3
  1207 | D:2      | Reached XP level 4. HP: 29/29 MP: 4/4
  1703 | D:3      | Noticed Sigmund
  1796 | D:3      | HP: 1/29 [something/magic dart (8)]
  1800 | D:3      | Mangled by Sigmund

Vault maps used:
D:1:      arrival_zaba_pyramid
D:2:      serial_bayou, serial_bayou_lake_a, serial_bayou_pond_a,
          serial_bayou_pond_b, serial_bayou_shore_b, serial_bayou_pond_c
D:3:      nicolae_ashenzari_panopticon, uniq_sigmund, uniq_purgy

Skill      XL: |  1  2  3 |
---------------+----------+-----
Stealth        | 6 |  6.7
Short Blades   | 3 |  3.2
Fighting       | |  2.0
Throwing       | |  2.0
Dodging        | |  1.0

Action                   |  1- 3 |  4- 6 || total
-------------------------+-------+-------++-------
Melee: Dagger            |    39 |    48 ||    87
       Constrict         |     5 |     4 ||     9
       Tentacles         |     3 |     9 ||    12
  Use: Potion            |       |     5 ||     5
       Scroll            |       |     2 ||     2
 Stab: Sleeping          |    15 |     1 ||    16
  Eat: Chunk             |     9 |     2 ||    11
Armor: Skin              |       |     2 ||     2
Dodge: Dodged            |    16 |     6 ||    22
